[ AOE2 MATCH · #505728960 ]
UnrankedMongols vs Maya
Player's team · WIN
Rival team · LOSS
[ REPLAY ANALYSIS · EXTRACTED FROM THE RECORDED GAME ]
Feudal
—
Castle
—
Imperial
—
| APM avg | 80.7 |
| APM peak | 124 |
| eAPM avg | 28.4 |
| Villagers / military | 12 / 0 |
Focus
⚔️ 40.7% · 🌾 59.3%
Feudal
—
Castle
—
Imperial
—
| APM avg | 51.2 |
| APM peak | 56 |
| eAPM avg | 18.7 |
| Villagers / military | 7 / 0 |
Focus
⚔️ 46.7% · 🌾 53.3%
Match map
Initial resources + every placement click. Lines = walls · curves = elevation contours. ◆ gold · ⬟ stone · ● berries · ✦ relic · ◌ wall gap
Your base
Fs.Jubileu's base
Smoothed initial terrain · ◌ = detected wall gap · hover for details
Inputs per minute
— Edgar Davids - - Fs.Jubileu
Build order — Edgar Davids
21 actions detected in the replay
| 0:01 | Queue | Villager (Male) |
| 0:02 | Build | House |
| 0:04 | Build | House |
| 0:15 | Queue | Villager (Male) |
| 0:25 | Queue | Villager (Male) |
| 0:26 | Queue | Villager (Male) |
| 1:24 | Research | Loom |
| 1:25 | Queue | Villager (Male) |
| 2:16 | Queue | Villager (Male) |
| 2:29 | Build | Palisade Wall |
| 2:46 | Build | Palisade Wall |
| 2:48 | Queue | Villager (Male) |
| 3:02 | Build | Palisade Wall |
| 3:20 | Queue | Villager (Male) |
| 4:12 | Build | Palisade Wall |
| 4:15 | Queue | Villager (Male) |
| 4:50 | Queue | Villager (Male) |
| 4:53 | Build | Palisade Wall |
| 5:11 | Queue | Villager (Male) |
| 5:17 | Build | House |
| 6:02 | Queue | Villager (Male) |
Build order — Fs.Jubileu
22 actions detected in the replay
| 0:01 | Research | Loom |
| 0:02 | Queue | Villager (Male) |
| 0:02 | Queue | Villager (Male) |
| 0:02 | Queue | Villager (Male) |
| 0:32 | Build | House |
| 1:55 | Build | House |
| 2:08 | Queue | Villager (Male) |
| 3:33 | Queue | Villager (Male) |
| 4:01 | Queue | Villager (Male) |
| 5:16 | Build | Palisade Wall |
| 5:20 | Build | Palisade Wall |
| 5:24 | Build | Palisade Wall |
| 5:32 | Build | Palisade Wall |
| 5:33 | Build | Palisade Wall |
| 5:34 | Build | Palisade Wall |
| 5:46 | Build | Palisade Wall |
| 5:50 | Build | Palisade Wall |
| 5:51 | Build | Palisade Wall |
| 5:54 | Build | Palisade Wall |
| 5:59 | Build | Palisade Wall |
| 6:00 | Build | Palisade Wall |
| 6:03 | Queue | Villager (Male) |
Match timeline
| 2:29 | Edgar Davids · wall_segment Palisade Wall x6 |
| 2:46 | Edgar Davids · wall_segment Palisade Wall x1 |
| 3:02 | Edgar Davids · wall_segment Palisade Wall x1 |
| 4:12 | Edgar Davids · wall_segment Palisade Wall x1 |
| 4:53 | Edgar Davids · wall_segment Palisade Wall x1 |
| 5:16 | Fs.Jubileu · wall_segment Palisade Wall x1 |
| 5:20 | Fs.Jubileu · wall_segment Palisade Wall x1 |
| 5:24 | Fs.Jubileu · wall_segment Palisade Wall x1 |
| 5:32 | Fs.Jubileu · wall_segment Palisade Wall x1 |
| 5:33 | Fs.Jubileu · wall_segment Palisade Wall x1 |
| 5:34 | Fs.Jubileu · wall_segment Palisade Wall x1 |
| 5:46 | Fs.Jubileu · wall_segment Palisade Wall x1 |
| 5:50 | Fs.Jubileu · wall_segment Palisade Wall x1 |
| 5:51 | Fs.Jubileu · wall_segment Palisade Wall x1 |
| 5:54 | Fs.Jubileu · wall_segment Palisade Wall x1 |
| 5:59 | Fs.Jubileu · wall_segment Palisade Wall x1 |
| 6:00 | Fs.Jubileu · wall_segment Palisade Wall x1 |
| 6:09 | Fs.Jubileu · resign |
[ AI ANALYSIS · 1 CREDIT ]
What really happened in this match?
Wolo.gg analyzes every decision: build order, eco, micro, common mistakes by bracket. Personalized analysis on WhatsApp or Discord in 30 seconds.
Civ guide
Mongols
Perfil
Jugador #2266228